AoeStats
← Manolosaurio

Arena

507987136Analyzed
1v1 RM · 13d ago on Sep 20, 2026· 27m 58s· 2 players
Game mode
Random Map
Map size
Tiny (2 player)
Population
200
Speed
Normal
Resources
Standard
Victory
Conquest
Starting age
Dark Age
Ending age
Imperial Age
RankedLock teamsTeams togetherTeam positionsShared explorationLock speedFull tech treeHidden civsTurbo modeCheats
Victory
Defeat
🇧🇷 Khmer · Brazil
1005
+16
🇪🇸 Cumans · Spain
1014
-16
Androman
10:42 Feudal Age
11:40 Double-Bit Axe
14:35 Man-at-Arms
19:58 Castle Age
17:49 Horse Collar
18:38 Gold Mining
20:54 Bow Saw
21:56 Husbandry
22:07 Bloodlines
22:45 Wheelbarrow
23:32 Stone Mining
25:43 Fletching
25:59 Scale Barding Armor
26:43 Town Watch
27:35 Chain Barding Armor
27:25 Forging
28:32 Bodkin Arrow
Manolosaurio
1:35 Loom
2:55 Loom
10:18 Feudal Age
16:35 Castle Age
15:40 Double-Bit Axe
16:04 Horse Collar
18:08 Wheelbarrow
17:19 Town Watch
21:45 Fletching
23:37 Hand Cart
24:53 Padded Archer Armor
25:14 Bloodlines
Connection lost

Rejoining the realm…

Still unreachable

The connection could not be restored.

Session expired

The server has moved on; the page needs a fresh start.